 Dungeon Crawl Stone Soup version 0.16.1-11-g651b585 (webtiles) character file.

35 hulla the Changer (level 3, -12/23 HPs)
             Began as an Octopode Transmuter on Apr 7, 2015.
             Mangled by an ogre
             ... wielding a +0 giant spiked club
              (27 damage)
             ... on level 4 of the Dungeon.
             The game lasted 00:03:41 (729 turns).

hulla the Changer (Octopode Transmuter)              Turns: 729, Time: 00:03:42

Health: -12/23     AC:  1    Str:  9    XL:     3   Next: 33%
Magic:  6/6        EV: 12    Int: 16    God:
Gold:   43         SH:  0    Dex: 12    Spells: 3 memorised, 0 levels left

rFire  . . .     SeeInvis .       - Unarmed
rCold  . . .     Clarity  .     (no shield)
rNeg   . . .     SustAb   .     (helmet restricted)
rPois  .         Gourm    .     (no amulet)
rElec  .         Spirit   .     (no ring)
rCorr  .         Warding  .     (no ring)
rMut   .         Stasis   .     (no ring)
MR     .....                    (no ring)
Stlth  ++........               (no ring)
                                (no ring)
                                (no ring)
                                (no ring)

@: not resistant to hostile enchantments, unstealthy
A: almost no armour, amphibious, 8 rings, constrict 8, camouflage 1, gelatinous
body 1
a: no special abilities


You were on level 4 of the Dungeon.
You were not hungry.

You visited 1 branch of the dungeon, and saw 4 of its levels.

You collected 43 gold pieces.

Inventory:

Missiles
 b - 12 arrows
 e - 14 poisoned needles
Books
 d - a book of Changes

   Spells                             Type                      Level
   a - Beastly Appendage              Transmutation                1
   b - Sticks to Snakes               Transmutation                2
   c - Spider Form                    Transmutation/Poison         3
   d - Ice Form                       Ice/Transmutation            4
   e - Blade Hands                    Transmutation                5
Comestibles
 a - a bread ration
 c - 5 chunks of flesh


   Skills:
 - Level 1.0 Fighting
 - Level 2.0 Dodging
 - Level 3.0 Unarmed Combat
 - Level 2.0 Spellcasting
 + Level 3.6 Transmutations
 + Level 0.0 Poison Magic


You couldn't memorise any spells.
You knew the following spells:

 Your Spells              Type           Power        Failure   Level  Hunger
a - Beastly Appendage     Trmt           ##....       6%          1    #......
b - Spider Form           Trmt/Pois      #.........   34%         3    ###....
c - Sticks to Snakes      Trmt           ##........   10%         2    ###....


Dungeon Overview and Level Annotations

Branches:
Dungeon (5/15)
 Temple: D:4-7

Altars:
Xom


Innate Abilities, Weirdness & Mutations

You cannot wear most types of armour.
You are amphibious.
You can wear up to eight rings at the same time.
You can use your tentacles to constrict many enemies at once.
Your skin changes colour to match your surroundings (Stealth).
Your rubbery body absorbs attacks (AC +1).


Message History

You destroy the adder skeleton!
An ogre comes into view. It is wielding a giant spiked club.
The ogre shouts!
Your transformation is almost over.
There is a stone staircase leading down here.
You climb downwards.
An ogre comes into view. It is wielding a giant spiked club.
The ogre shouts!
Found a bread ration and a scroll labeled TUTHUI PREPT.
There is a stone staircase leading up here.
You can't go down here!
You climb upwards.
There is a stone staircase leading down here.
Your tentacle spike disappears.
Things that are here:
a club; a jackal skeleton
There is an escape hatch in the ceiling here.
The ogre hits you with a giant spiked club!!
Ouch! That really hurt!
You die...

.. #.. #.. #.. .#
#..##..####.#
###.$#... ....#
##.......###...##
........ ......
...#.# #...#
##?#.###..#
##....@O...# #
#...#.####.#
......#...####)##
##..###..###....#
#.......####>...#
...####..........###
##.##........#
#.##........#
#.##........#


You could see an ogre.

Vanquished Creatures
  An adder skeleton (D:4)
  2 bats
  A giant cockroach (D:1)
  7 hobgoblins
  3 jackals (D:4)
  2 giant geckos
  2 giant newts (D:1)
  3 goblins
  3 kobolds (D:1)
  6 rats (D:1)
30 creatures vanquished.

Notes
Turn   | Place    | Note
--------------------------------------------------------------
     0 | D:1      | hulla, the Octopode Transmuter, began the quest for the Orb.
     0 | D:1      | Reached XP level 1. HP: 13/13 MP: 3/3
   191 | D:1      | Reached XP level 2. HP: 18/18 MP: 2/4
   590 | D:2      | Found a shimmering altar of Xom.
   593 | D:2      | Found a shimmering altar of Xom.
   593 | D:2      | Found a shimmering altar of Xom.
   599 | D:2      | Found a shimmering altar of Xom.
   607 | D:2      | Reached XP level 3. HP: 23/23 MP: 6/6
   612 | D:2      | Learned a level 3 spell: Spider Form
   615 | D:2      | Learned a level 2 spell: Sticks to Snakes
   615 | D:2      | You fall through a shaft for 2 floors!
   705 | D:4      | Noticed an ogre
   719 | D:5      | Entered Level 5 of the Dungeon
   719 | D:5      | Noticed an ogre
   729 | D:4      | Mangled by an ogre

Action                   || total
-------------------------++-------
Melee: Unarmed           ||    62
 Cast: Beastly Appendage ||    11
  Use: Scroll            ||     2
       Potion            ||     1
 Stab: Sleeping          ||     1
